 Dungeon Crawl Stone Soup version 0.14.2 (webtiles) character file.

383 EmikaRules the Magician (level 6, -2/32 HPs)
             Began as a Deep Elf Conjurer on Nov 1, 2016.
             Was an Initiate of Vehumet.
             Slain by Psyche
             ... wielding a +3,+3 dagger of chaos
              (23 damage)
             ... on Level 9 of the Dungeon.
             The game lasted 00:12:55 (1831 turns).

EmikaRules the Magician (Deep Elf Conjurer)         Turns: 1831, Time: 00:12:55

HP  -2/32        AC  7     Str  7      XL: 6   Next: 27%
MP  22/22        EV 13     Int 20      God: Vehumet [......]
Gold 50          SH  0     Dex 16      Spells:  5 memorised,  3 levels left

rFire  . . .     SeeInvis .     (no weapon)
rCold  . . .     Clarity  .     a - +1 robe
rNeg   . . .     Conserve +     (no shield)
rPois  .         rCorr    .     j - +0 helmet
rElec  .         rRot     .     (no cloak)
SustAb . .       Spirit   .     (no gloves)
rMut   .         Warding  .     (no boots)
Saprov . . .     Stasis   .     h - amulet of conservation
MR     .....                    p - +3 ring of protection
                                k - +1 ring of dexterity

@: about to teleport, not resistant to hostile enchantments, fairly stealthy
A: no striking features
a: Renounce Religion


You were on level 9 of the Dungeon.
You worshipped Vehumet.
Vehumet was noncommittal.
You were not hungry.

You visited 2 branches of the dungeon, and saw 9 of its levels.

You collected 50 gold pieces.

Inventory:

Missiles
 q - 8 tomahawks (quivered)
Armour
 a - a +1 robe (worn)
 g - a +1 ring mail of cold resistance
 j - a +0 helmet (worn)
Comestibles
 b - 2 bread rations
 d - a rotting chunk of orc flesh
 f - a choko
Scrolls
 e - a scroll of teleportation
 i - a scroll of identify
Jewellery
 h - an amulet of conservation (around neck)
 k - a +1 ring of dexterity (left hand)
 p - a +3 ring of protection (right hand)
Books
 c - a book of Conjurations

   Spells                             Type                      Level
   *Magic Dart                        Conjuration                  1
   *Searing Ray                       Conjuration                  2
   *Dazzling Spray                    Conjuration/Hexes            3
   Fulminant Prism                    Conjuration/Hexes            4
   *Iskenderun's Mystic Blast         Conjuration                  4
   *Iskenderun's Battlesphere         Conjuration/Charms           5


   Skills:
 + Level 0.0 Fighting
 + Level 0.0 Armour
 + Level 2.4 Dodging
 - Level 2.4 Stealth
 * Level 6.7 Spellcasting
 * Level 6.2 Conjurations
 * Level 2.6 Charms


You had 3 spell levels left.
You knew the following spells:

 Your Spells              Type           Power        Failure   Level  Hunger
a - Magic Dart            Conj           ####         1%          1    None
b - Searing Ray           Conj           ####..       1%          2    None
c - Iskenderun's Mystic   Conj           ####....     10%         4    ###....
d - Dazzling Spray        Conj/Hex       ###.....     10%         3    ##.....
e - Iskenderun's Battles  Conj/Chrm      ###.....     45%         5    #####..


Dungeon Overview and Level Annotations

Branches:
Dungeon (9/15)             Temple (1/1) D:5
    Orc: D:9-12        Lair: D:8-11

Altars:
Ashenzari
Cheibriados
Elyvilon
Fedhas
Kikubaaqudgha
Makhleb
Nemelex Xobeh
Okawaru
Sif Muna
Trog
Vehumet
Xom
Yredelemnul
Zin
The Shining One

Annotations:
D:9 Psyche


Message History

Psyche is nearby!
Read which item? (? for menu, Esc to quit)
Okay, then.
Casting: Magic Dart
Confirm with . or Enter, or press ? or * to list all spells.
Okay, then.
Psyche gestures at you while chanting. The puff of flame hits you!
Psyche casts a spell.
Psyche seems to speed up.
You smell something rotten. (slot d) Read which item? (? for menu, Esc to quit)
Okay, then.
You aren't carrying any potions.
Read which item? (? for menu, Esc to quit)
As you read the scroll labeled STYOME SHRYWN, it crumbles to dust.
You feel strangely unstable.
It was a scroll of teleportation.
Psyche hits you with a runed dagger.
You are electrocuted!
Ouch! That really hurt!
You die...

#..# #..# #..# #..# #.@#
#..# #..#
##########..#############.#
.........!....@@..<........
...........................
.........................
#########.....%..........
#................
#...............
#..............
#...........?.
#############


You could see Psyche.

Vanquished Creatures
  A giant frog (D:6)
  A jelly (D:6)
  2 crimson imps (D:5)
  An orc wizard (D:5)
  2 worker ants
  An ogre zombie (D:5)
  2 adders
  A giant eyeball (D:5)
  13 orcs
  4 goblins
  4 hobgoblins
  A jackal (D:2)
  5 kobolds
  A bat (D:1)
  2 giant cockroaches
  A giant newt (D:2)
  A kobold zombie (D:7)
  4 rats
47 creatures vanquished.

Notes
Turn   | Place    | Note
--------------------------------------------------------------
     0 | D:1      | EmikaRules, the Deep Elf Conjurer, began the quest for the Orb.
     0 | D:1      | Reached XP level 1. HP: 10/10 MP: 5/5
   215 | D:2      | Reached XP level 2. HP: 15/15 MP: 0/8
   219 | D:2      | Learned a level 2 spell: Searing Ray
   382 | D:2      | You fall through a shaft!
   401 | D:4      | Noticed a giant frog
   407 | D:4      | Noticed an ogre
   461 | D:4      | Noticed a scorpion
   512 | D:5      | Entered Level 5 of the Dungeon
   532 | D:5      | Noticed a sky beast
   569 | D:5      | Reached XP level 3. HP: 15/19 MP: 0/13
   637 | D:5      | Paralysed by a giant eyeball for 4 turns
   644 | D:5      | Paralysed by a giant eyeball for 3 turns
   885 | D:5      | Noticed a phantom
   899 | D:5      | Noticed an ogre
   952 | D:5      | Reached skill level 5 in Conjurations
   962 | D:5      | Reached skill level 5 in Spellcasting
   972 | D:5      | Reached XP level 4. HP: 24/24 MP: 0/17
  1120 | D:5      | Learned a level 4 spell: Iskenderun's Mystic Blast
  1135 | D:5      | Reached XP level 5. HP: 28/28 MP: 10/20
  1189 | D:5      | Reached skill level 6 in Spellcasting
  1203 | D:5      | Learned a level 3 spell: Dazzling Spray
  1209 | D:5      | Learned a level 5 spell: Iskenderun's Battlesphere
  1225 | D:5      | Found a staircase to the Ecumenical Temple.
  1241 | Temple   | Entered the Ecumenical Temple
  1294 | Temple   | Became a worshipper of Vehumet
  1313 | D:5      | Found a sparkling altar of Nemelex Xobeh.
  1314 | D:5      | Found a white marble altar of Elyvilon.
  1329 | D:6      | Reached skill level 1 in Charms
  1351 | D:6      | Reached XP level 6. HP: 29/32 MP: 4/22
  1776 | D:8      | Found a shattered altar of Ashenzari.
  1824 | D:9      | Noticed Psyche
  1831 | D:9      | Slain by Psyche

Action                   |  1- 3 |  4- 6 || total
-------------------------+-------+-------++-------
Melee: Unarmed           |     1 |       ||     1
 Cast: Magic Dart        |    61 |    31 ||    92
       Searing Ray       |     1 |    12 ||    13
       Iskenderun's Myst |       |     5 ||     5
  Use: Scroll            |     5 |     3 ||     8
       Potion            |       |     1 ||     1
